[ AOE2 MATCH · #479148428 ]
UnrankedBohemians vs Franks
[ REPLAY ANALYSIS · EXTRACTED FROM THE RECORDED GAME ]
Feudal
13:00
Castle
18:07
Imperial
42:22
| APM avg | 19.1 |
| APM peak | 64 |
| eAPM avg | 16.1 |
| Villagers / military | 124 / 256 |
Focus
⚔️ 44.0% · 🌾 56.0%
Spearman ×61 · Hand Cannoneer ×61 · Skirmisher ×52 · Militia ×27 · Archer ×22 · Hussite Wagon ×17
Feudal
10:55
Castle
19:54
Imperial
34:45
| APM avg | 17.6 |
| APM peak | 47 |
| eAPM avg | 16.1 |
| Villagers / military | 135 / 279 |
Focus
⚔️ 48.2% · 🌾 51.8%
Knight ×89 · Throwing Axeman ×81 · Spearman ×54 · Trade Cart ×24 · Scorpion ×20 · Trebuchet (Packed) ×19
Feudal
12:48
Castle
23:43
Imperial
38:42
| APM avg | 34.6 |
| APM peak | 66 |
| eAPM avg | 22.0 |
| Villagers / military | 110 / 252 |
Focus
⚔️ 53.2% · 🌾 46.8%
Spearman ×109 · Teutonic Knight ×80 · Knight ×38 · Monk ×9 · Bombard Cannon ×8 · Trebuchet (Packed) ×6
Feudal
—
Castle
—
Imperial
—
| APM avg | 35.3 |
| APM peak | 194 |
| eAPM avg | 32.4 |
| Villagers / military | 170 / 125 |
Focus
⚔️ 13.8% · 🌾 86.2%
Spearman ×59 · Archer ×52 · Skirmisher ×7 · Shotel Warrior ×5 · Knight ×2
Feudal
12:24
Castle
26:42
Imperial
36:12
| APM avg | 13.2 |
| APM peak | 47 |
| eAPM avg | 8.4 |
| Villagers / military | 99 / 210 |
Focus
⚔️ 27.2% · 🌾 72.8%
Knight ×95 · Kipchak ×91 · Skirmisher ×10 · Spearman ×5 · Scout Cavalry ×5 · Trebuchet (Packed) ×4
Feudal
12:24
Castle
21:18
Imperial
37:36
| APM avg | 17.4 |
| APM peak | 39 |
| eAPM avg | 14.0 |
| Villagers / military | 150 / 335 |
Focus
⚔️ 28.3% · 🌾 71.7%
Scout Cavalry ×285 · War Elephant ×44 · Trebuchet (Packed) ×6 · Trade Cart ×5
Match map
Initial resources + every placement click. Lines = walls · curves = elevation contours. ◆ gold · ⬟ stone · ● berries · ✦ relic · ◌ wall gap
Your base· ✓ Closed at 18:07 · 0t walls · 2 gate(s)
你是哪个小饼干~'s base· ✓ Closed at 19:54 · 0t walls · 2 gate(s)
Twixxo's base· ✓ Closed at 23:43 · 6t walls · 3 gate(s)
IKELONGJR10's base· ✓ Closed at 17:33 · 0t walls · 2 gate(s)
olaf.kreegs's base· ✓ Closed at 26:42 · 0t walls · 3 gate(s)
TGX Haydz's base· ✓ Closed at 21:18 · 0t walls · 5 gate(s)
Smoothed initial terrain · ◌ = detected wall gap · hover for details
Inputs per minute
— tjwe99 - - 你是哪个小饼干~
Build order — tjwe99
First 150 of 559 actions detected
| 0:06 | Build | House |
| 0:09 | Build | House |
| 0:39 | Create | Villager (Male) |
| 0:39 | Create | Villager (Male) |
| 0:39 | Create | Villager (Male) |
| 0:40 | Create | Villager (Male) |
| 0:40 | Create | Villager (Male) |
| 1:48 | Create | Villager (Male) |
| 2:35 | Build | Lumber Camp |
| 2:38 | Create | Villager (Male) |
| 2:38 | Create | Villager (Male) |
| 3:33 | Create | Villager (Male) |
| 4:08 | Build | House |
| 4:35 | Build | Mill |
| 4:37 | Create | Villager (Male) |
| 4:37 | Create | Villager (Male) |
| 4:38 | Create | Villager (Male) |
| 5:35 | Create | Villager (Male) |
| 5:36 | Create | Villager (Male) |
| 6:26 | Create | Villager (Male) |
| 6:54 | Create | Villager (Male) |
| 7:05 | Build | House |
| 7:16 | Build | Lumber Camp |
| 7:23 | Create | Villager (Male) |
| 7:23 | Create | Villager (Male) |
| 7:23 | Create | Villager (Male) |
| 8:17 | Create | Villager (Male) |
| 8:25 | Create | Villager (Male) |
| 8:25 | Create | Villager (Male) |
| 9:07 | Build | House |
| 9:10 | Build | House |
| 9:11 | Build | House |
| 9:22 | Build | Mining Camp |
| 10:50 | Research | Feudal Age |
| 11:36 | Create | Villager (Male) |
| 11:36 | Create | Villager (Male) |
| 11:38 | Create | Villager (Male) |
| 13:00 | Age | Feudal Age |
| 13:02 | Build | Farm |
| 13:07 | Build | Farm |
| 13:14 | Build | Market |
| 13:27 | Build | Blacksmith |
| 13:36 | Build | Mining Camp |
| 13:47 | Build | Farm |
| 14:13 | Build | Farm |
| 14:15 | Build | Farm |
| 14:17 | Build | Farm |
| 14:29 | Build | Farm |
| 14:34 | Build | Farm |
| 14:38 | Build | Farm |
| 14:43 | Build | Farm |
| 15:00 | Build | Farm |
| 15:27 | Research | Castle Age |
| 15:28 | Create | Villager (Male) |
| 16:07 | Build | Farm |
| 16:09 | Create | Villager (Male) |
| 16:10 | Create | Villager (Male) |
| 16:10 | Create | Villager (Male) |
| 16:36 | Research | Double-Bit Axe |
| 16:52 | Build | Barracks |
| 17:01 | Research | Horse Collar |
| 17:14 | Create | Villager (Male) |
| 17:41 | Create | Villager (Male) |
| 17:42 | Create | Villager (Male) |
| 17:52 | Build | Archery Range |
| 17:59 | Create | Villager (Male) |
| 18:00 | Create | Villager (Male) |
| 18:07 | Age | Castle Age |
| 18:24 | Build | Town Center |
| 18:39 | Create | Villager (Male) |
| 18:42 | Research | Loom |
| 19:13 | Research | Wheelbarrow |
| 20:15 | Create | Villager (Male) |
| 20:15 | Create | Villager (Male) |
| 20:16 | Create | Villager (Male) |
| 20:16 | Create | Villager (Male) |
| 20:16 | Create | Villager (Male) |
| 20:26 | Research | Elite Skirmisher (upgrade) |
| 20:29 | Create | Villager (Male) |
| 20:29 | Create | Villager (Male) |
| 20:55 | Create | Villager (Male) |
| 20:55 | Create | Villager (Male) |
| 21:10 | Build | Farm |
| 21:35 | Build | Town Center |
| 21:47 | Research | Bow Saw |
| 22:02 | Build | Farm |
| 22:03 | Build | Farm |
| 22:13 | Build | Farm |
| 22:17 | Create | Villager (Male) |
| 22:17 | Create | Villager (Male) |
| 22:21 | Create | Villager (Male) |
| 22:21 | Create | Villager (Male) |
| 22:37 | Build | House |
| 22:41 | Build | House |
| 22:44 | Build | House |
| 22:45 | Build | House |
| 22:47 | Build | House |
| 22:48 | Build | House |
| 23:04 | Create | Skirmisher |
| 23:04 | Create | Skirmisher |
| 23:05 | Create | Skirmisher |
| 23:14 | Create | Villager (Male) |
| 23:14 | Create | Villager (Male) |
| 23:14 | Create | Villager (Male) |
| 23:15 | Create | Villager (Male) |
| 23:15 | Create | Villager (Male) |
| 23:33 | Create | Skirmisher |
| 23:33 | Create | Skirmisher |
| 24:12 | Build | Farm |
| 24:16 | Create | Villager (Male) |
| 24:16 | Create | Villager (Male) |
| 24:16 | Create | Villager (Male) |
| 24:17 | Create | Villager (Male) |
| 24:17 | Create | Villager (Male) |
| 24:47 | Build | Castle |
| 24:55 | Build | Farm |
| 24:57 | Build | Farm |
| 24:58 | Build | Farm |
| 25:24 | Research | Forging |
| 25:25 | Research | Fletching |
| 25:28 | Create | Villager (Male) |
| 25:39 | Build | Farm |
| 25:40 | Build | Farm |
| 25:48 | Build | Farm |
| 25:52 | Create | Villager (Male) |
| 25:52 | Create | Villager (Male) |
| 25:52 | Create | Villager (Male) |
| 25:53 | Create | Villager (Male) |
| 25:53 | Create | Villager (Male) |
| 26:02 | Build | Lumber Camp |
| 26:06 | Create | Villager (Male) |
| 26:10 | Create | Villager (Male) |
| 27:03 | Build | Castle |
| 28:02 | Build | Farm |
| 28:06 | Build | Farm |
| 28:18 | Create | Villager (Male) |
| 28:19 | Create | Villager (Male) |
| 28:21 | Create | Villager (Male) |
| 28:22 | Create | Villager (Male) |
| 28:22 | Research | Hand Cart |
| 28:22 | Create | Villager (Male) |
| 28:23 | Create | Villager (Male) |
| 28:23 | Create | Villager (Male) |
| 28:26 | Create | Villager (Male) |
| 28:26 | Create | Villager (Male) |
| 28:26 | Create | Villager (Male) |
| 28:26 | Create | Villager (Male) |
| 28:27 | Create | Villager (Male) |
| 28:27 | Create | Villager (Male) |
| 28:44 | Build | Lumber Camp |
Build order — 你是哪个小饼干~
First 150 of 566 actions detected
| 0:04 | Create | Villager (Male) |
| 0:04 | Research | Loom |
| 0:05 | Create | Villager (Male) |
| 0:05 | Create | Villager (Male) |
| 0:05 | Create | Villager (Male) |
| 0:08 | Build | House |
| 0:51 | Build | House |
| 0:53 | Build | House |
| 0:54 | Build | House |
| 0:56 | Build | House |
| 0:57 | Build | House |
| 0:59 | Build | House |
| 1:01 | Build | House |
| 1:51 | Create | Villager (Male) |
| 1:51 | Create | Villager (Male) |
| 1:51 | Create | Villager (Male) |
| 2:36 | Create | Villager (Male) |
| 2:37 | Create | Villager (Male) |
| 2:37 | Create | Villager (Male) |
| 2:55 | Create | Villager (Male) |
| 2:56 | Create | Villager (Male) |
| 2:56 | Create | Villager (Male) |
| 3:20 | Create | Villager (Male) |
| 3:31 | Create | Villager (Male) |
| 4:13 | Create | Villager (Male) |
| 4:14 | Create | Villager (Male) |
| 4:14 | Create | Villager (Male) |
| 4:36 | Create | Villager (Male) |
| 4:36 | Create | Villager (Male) |
| 4:36 | Create | Villager (Male) |
| 5:40 | Create | Villager (Male) |
| 5:40 | Create | Villager (Male) |
| 5:41 | Create | Villager (Male) |
| 6:06 | Create | Villager (Male) |
| 6:06 | Create | Villager (Male) |
| 6:06 | Create | Villager (Male) |
| 6:13 | Create | Villager (Male) |
| 6:13 | Create | Villager (Male) |
| 6:14 | Create | Villager (Male) |
| 6:14 | Create | Villager (Male) |
| 6:14 | Create | Villager (Male) |
| 6:14 | Create | Villager (Male) |
| 6:41 | Create | Villager (Male) |
| 6:42 | Create | Villager (Male) |
| 6:55 | Build | Mill |
| 7:59 | Create | Villager (Male) |
| 8:09 | Build | Lumber Camp |
| 8:45 | Research | Feudal Age |
| 8:48 | Create | Villager (Male) |
| 8:48 | Create | Villager (Male) |
| 9:22 | Create | Villager (Male) |
| 10:55 | Age | Feudal Age |
| 10:58 | Research | Double-Bit Axe |
| 11:01 | Research | Wheelbarrow |
| 11:03 | Create | Villager (Male) |
| 11:03 | Create | Villager (Male) |
| 11:03 | Create | Villager (Male) |
| 11:13 | Build | Mining Camp |
| 11:23 | Create | Villager (Male) |
| 11:48 | Create | Villager (Male) |
| 12:00 | Build | Market |
| 12:20 | Research | Town Watch |
| 13:02 | Build | Mining Camp |
| 13:33 | Build | Blacksmith |
| 13:35 | Build | House |
| 13:36 | Build | House |
| 13:37 | Build | House |
| 13:38 | Build | House |
| 14:22 | Build | Farm |
| 14:25 | Build | Farm |
| 14:27 | Build | Farm |
| 14:30 | Build | Farm |
| 14:48 | Build | Farm |
| 14:53 | Build | Farm |
| 15:14 | Build | Farm |
| 15:21 | Build | Farm |
| 17:14 | Research | Castle Age |
| 17:24 | Create | Villager (Male) |
| 17:24 | Create | Villager (Male) |
| 17:57 | Research | Stone Mining |
| 18:20 | Create | Villager (Male) |
| 18:48 | Research | Gold Mining |
| 19:54 | Age | Castle Age |
| 19:56 | Build | Town Center |
| 20:02 | Build | Town Center |
| 20:11 | Build | Town Center |
| 20:14 | Research | Bow Saw |
| 20:34 | Create | Villager (Male) |
| 20:36 | Create | Villager (Male) |
| 20:44 | Create | Villager (Male) |
| 20:44 | Create | Villager (Male) |
| 20:55 | Create | Villager (Male) |
| 21:02 | Create | Villager (Male) |
| 21:02 | Create | Villager (Male) |
| 21:15 | Create | Trade Cart |
| 21:21 | Build | Farm |
| 21:23 | Create | Villager (Male) |
| 21:24 | Create | Villager (Male) |
| 21:31 | Build | Farm |
| 21:38 | Build | Farm |
| 21:40 | Create | Villager (Male) |
| 21:40 | Create | Villager (Male) |
| 21:41 | Create | Villager (Male) |
| 21:50 | Build | Farm |
| 21:57 | Build | Farm |
| 21:59 | Create | Trade Cart |
| 22:00 | Create | Villager (Male) |
| 22:01 | Create | Villager (Male) |
| 22:27 | Create | Villager (Male) |
| 22:27 | Create | Villager (Male) |
| 22:28 | Create | Villager (Male) |
| 22:29 | Create | Villager (Male) |
| 22:42 | Build | Castle |
| 22:48 | Build | Barracks |
| 22:56 | Create | Villager (Male) |
| 22:56 | Create | Villager (Male) |
| 22:56 | Create | Villager (Male) |
| 22:57 | Create | Villager (Male) |
| 23:15 | Create | Villager (Male) |
| 23:15 | Create | Villager (Male) |
| 23:16 | Create | Villager (Male) |
| 23:16 | Create | Villager (Male) |
| 23:25 | Build | Farm |
| 23:28 | Build | Farm |
| 23:33 | Build | Farm |
| 23:37 | Build | Farm |
| 23:38 | Create | Villager (Male) |
| 23:38 | Create | Villager (Male) |
| 23:39 | Create | Villager (Male) |
| 23:46 | Create | Villager (Male) |
| 24:02 | Create | Spearman |
| 24:04 | Create | Villager (Male) |
| 24:04 | Create | Villager (Male) |
| 24:28 | Create | Villager (Male) |
| 24:28 | Create | Villager (Male) |
| 24:29 | Create | Villager (Male) |
| 24:36 | Build | Farm |
| 24:38 | Create | Villager (Male) |
| 24:38 | Create | Villager (Male) |
| 24:39 | Create | Villager (Male) |
| 24:43 | Create | Trade Cart |
| 24:43 | Create | Trade Cart |
| 24:47 | Build | Farm |
| 24:49 | Build | Farm |
| 24:52 | Build | Farm |
| 24:55 | Build | Farm |
| 24:58 | Build | Farm |
| 24:59 | Create | Villager (Male) |
| 24:59 | Create | Villager (Male) |
| 25:13 | Build | Monastery |
Build order — Twixxo
First 150 of 404 actions detected
| 0:03 | Build | House |
| 0:14 | Build | House |
| 0:29 | Create | Villager (Male) |
| 0:30 | Create | Villager (Male) |
| 1:03 | Build | House |
| 1:27 | Create | Villager (Male) |
| 1:35 | Create | Villager (Male) |
| 1:36 | Create | Villager (Male) |
| 2:35 | Create | Villager (Male) |
| 2:47 | Research | Loom |
| 2:48 | Create | Villager (Male) |
| 3:11 | Create | Villager (Male) |
| 3:39 | Create | Villager (Male) |
| 4:16 | Create | Villager (Male) |
| 4:52 | Create | Villager (Male) |
| 4:54 | Create | Villager (Male) |
| 4:57 | Create | Villager (Male) |
| 5:17 | Create | Villager (Male) |
| 5:21 | Build | House |
| 5:22 | Build | House |
| 5:24 | Create | Villager (Male) |
| 5:45 | Create | Villager (Male) |
| 6:03 | Create | Villager (Male) |
| 6:27 | Build | Mill |
| 6:38 | Create | Villager (Male) |
| 6:48 | Create | Villager (Male) |
| 7:07 | Create | Villager (Male) |
| 7:36 | Create | Villager (Male) |
| 7:48 | Create | Villager (Male) |
| 8:34 | Build | Farm |
| 8:42 | Create | Villager (Male) |
| 9:00 | Build | Mill |
| 9:20 | Build | Lumber Camp |
| 9:29 | Build | Lumber Camp |
| 9:33 | Create | Villager (Male) |
| 9:41 | Create | Villager (Male) |
| 9:43 | Create | Villager (Male) |
| 9:45 | Build | Farm |
| 9:48 | Build | Farm |
| 9:49 | Create | Villager (Male) |
| 10:17 | Build | Farm |
| 10:18 | Create | Villager (Male) |
| 10:29 | Research | Feudal Age |
| 11:10 | Build | Mining Camp |
| 11:18 | Build | Mining Camp |
| 11:39 | Create | Villager (Male) |
| 11:46 | Create | Villager (Male) |
| 12:48 | Age | Feudal Age |
| 12:50 | Research | Wheelbarrow |
| 13:08 | Create | Villager (Male) |
| 13:26 | Research | Horse Collar |
| 13:31 | Create | Villager (Male) |
| 13:37 | Research | Gold Mining |
| 13:41 | Research | Double-Bit Axe |
| 13:42 | Research | Stone Mining |
| 14:06 | Build | House |
| 14:39 | Create | Villager (Male) |
| 14:53 | Build | Farm |
| 14:55 | Build | Farm |
| 14:58 | Build | Farm |
| 15:00 | Build | Farm |
| 15:02 | Build | Farm |
| 15:04 | Create | Villager (Male) |
| 15:14 | Create | Villager (Male) |
| 15:33 | Build | House |
| 15:35 | Build | House |
| 15:39 | Create | Villager (Male) |
| 15:48 | Create | Villager (Male) |
| 16:01 | Build | Farm |
| 16:07 | Create | Villager (Male) |
| 16:21 | Build | Farm |
| 16:55 | Build | Farm |
| 17:01 | Build | Blacksmith |
| 17:10 | Build | Blacksmith |
| 17:19 | Create | Villager (Male) |
| 17:23 | Build | House |
| 18:28 | Build | Mill |
| 18:58 | Create | Villager (Male) |
| 19:02 | Create | Villager (Male) |
| 19:02 | Create | Villager (Male) |
| 19:13 | Build | Barracks |
| 19:29 | Build | Gate |
| 19:45 | Create | Villager (Male) |
| 19:56 | Build | Stable |
| 19:58 | Create | Spearman |
| 20:14 | Create | Spearman |
| 20:36 | Create | Villager (Male) |
| 20:37 | Research | Bloodlines |
| 20:40 | Research | Castle Age |
| 20:53 | Build | House |
| 20:54 | Build | House |
| 20:54 | Build | House |
| 21:03 | Research | Forging |
| 21:07 | Create | Spearman |
| 21:35 | Create | Spearman |
| 21:43 | Create | Spearman |
| 21:44 | Create | Villager (Male) |
| 21:53 | Build | Market |
| 22:09 | Build | Palisade Wall |
| 22:14 | Create | Spearman |
| 22:15 | Create | Villager (Male) |
| 22:19 | Research | Scale Mail Armor |
| 22:19 | Research | Scale Barding Armor |
| 22:24 | Build | House |
| 22:25 | Build | House |
| 22:29 | Create | Spearman |
| 22:46 | Build | Market |
| 23:06 | Create | Spearman ×5 |
| 23:28 | Create | Villager (Male) |
| 23:30 | Create | Spearman |
| 23:36 | Build | House |
| 23:36 | Build | House |
| 23:43 | Age | Castle Age |
| 23:47 | Research | Hand Cart |
| 23:47 | Create | Villager (Male) |
| 24:00 | Build | Castle |
| 24:07 | Research | Heavy Plow |
| 24:10 | Create | Spearman |
| 24:10 | Create | Knight ×5 |
| 24:30 | Create | Villager (Male) |
| 24:53 | Build | Mining Camp |
| 25:31 | Build | Town Center |
| 25:42 | Build | Farm |
| 25:45 | Build | Farm |
| 25:50 | Build | Farm |
| 25:52 | Build | Farm |
| 25:56 | Create | Knight |
| 25:58 | Create | Teutonic Knight ×5 |
| 26:00 | Create | Villager (Male) |
| 26:18 | Create | Teutonic Knight |
| 26:28 | Create | Spearman |
| 26:47 | Create | Spearman |
| 26:57 | Create | Villager (Male) |
| 27:01 | Create | Villager (Male) |
| 27:04 | Create | Villager (Male) |
| 27:05 | Create | Villager (Male) |
| 27:05 | Create | Villager (Male) |
| 28:01 | Build | Castle |
| 28:23 | Build | Farm |
| 28:24 | Build | Farm |
| 28:25 | Create | Villager (Male) ×5 |
| 28:28 | Build | House |
| 28:29 | Build | House |
| 28:29 | Build | House |
| 28:30 | Build | House |
| 28:32 | Create | Villager (Male) |
| 28:32 | Create | Villager (Male) |
| 28:33 | Create | Knight |
| 29:05 | Build | Siege Workshop |
| 29:11 | Build | Siege Workshop |
Build order — IKELONGJR10
First 150 of 334 actions detected
| 0:02 | Create | Villager (Male) ×4 |
| 0:02 | Create | Villager (Male) |
| 0:06 | Build | House |
| 0:09 | Build | House |
| 0:44 | Build | House |
| 0:46 | Build | House |
| 1:34 | Create | Villager (Male) |
| 2:08 | Create | Villager (Male) |
| 2:34 | Create | Villager (Male) |
| 3:05 | Create | Villager (Male) |
| 3:28 | Create | Villager (Male) |
| 3:47 | Create | Villager (Male) ×2 |
| 3:47 | Create | Villager (Male) |
| 4:08 | Create | Villager (Male) |
| 4:08 | Create | Villager (Male) |
| 4:29 | Create | Villager (Male) |
| 4:56 | Create | Villager (Male) |
| 5:19 | Create | Villager (Male) |
| 6:10 | Build | Mill |
| 6:14 | Create | Villager (Male) ×4 |
| 6:14 | Create | Villager (Male) |
| 7:53 | Build | Lumber Camp |
| 8:08 | Create | Villager (Male) |
| 8:23 | Build | House |
| 8:36 | Research | Feudal Age |
| 8:56 | Build | Lumber Camp |
| 9:36 | Build | Mill |
| 9:53 | Build | House |
| 9:54 | Build | House |
| 10:10 | Build | House |
| 10:25 | Create | Villager (Male) |
| 10:25 | Create | Villager (Male) |
| 10:26 | Create | Villager (Male) |
| 10:49 | Research | Double-Bit Axe |
| 10:53 | Research | Horse Collar |
| 11:00 | Build | Farm |
| 11:06 | Build | Farm |
| 11:29 | Create | Villager (Male) |
| 11:29 | Create | Villager (Male) |
| 12:02 | Build | Farm |
| 12:07 | Build | Farm |
| 12:14 | Build | Farm |
| 12:24 | Build | Farm |
| 12:32 | Build | Farm |
| 12:39 | Build | Farm |
| 12:50 | Create | Villager (Male) ×6 |
| 13:14 | Build | Market |
| 13:36 | Build | Blacksmith |
| 13:56 | Build | Mining Camp |
| 14:08 | Build | Mining Camp |
| 14:25 | Build | Barracks |
| 14:42 | Build | Farm |
| 14:47 | Build | Farm |
| 15:18 | Create | Villager (Male) |
| 15:18 | Create | Villager (Male) |
| 15:18 | Create | Villager (Male) |
| 15:33 | Build | Archery Range |
| 15:35 | Build | Farm |
| 15:36 | Build | Farm |
| 15:36 | Build | Farm |
| 15:36 | Build | Farm |
| 15:42 | Build | Farm |
| 15:42 | Build | Farm |
| 15:42 | Build | Farm |
| 15:42 | Build | Farm |
| 15:42 | Build | Farm |
| 15:42 | Build | Farm |
| 15:42 | Build | Farm |
| 15:42 | Build | Farm |
| 15:42 | Build | Farm |
| 15:42 | Build | Farm |
| 15:42 | Build | Farm |
| 15:42 | Build | Farm |
| 15:42 | Build | Farm |
| 15:46 | Build | Farm |
| 15:46 | Build | Farm |
| 15:46 | Build | Farm |
| 15:46 | Build | Farm |
| 15:46 | Build | Farm |
| 15:46 | Build | Farm |
| 15:46 | Build | Farm |
| 15:46 | Build | Farm |
| 15:46 | Build | Farm |
| 15:46 | Build | Farm |
| 16:07 | Build | Mining Camp |
| 16:13 | Build | Farm |
| 16:13 | Build | Farm |
| 16:13 | Build | Farm |
| 16:13 | Build | Farm |
| 16:13 | Build | Farm |
| 16:13 | Build | Farm |
| 16:13 | Build | Farm |
| 16:14 | Build | Farm |
| 16:14 | Build | Farm |
| 16:14 | Build | Farm |
| 16:14 | Build | Farm |
| 16:14 | Build | Farm |
| 16:32 | Create | Villager (Male) |
| 16:42 | Build | Farm |
| 16:42 | Build | Farm |
| 16:42 | Build | Farm |
| 16:42 | Build | Farm |
| 17:01 | Create | Villager (Male) |
| 17:08 | Build | Archery Range |
| 17:33 | Research | Castle Age |
| 18:09 | Build | House |
| 18:12 | Build | House |
| 18:14 | Build | House |
| 18:15 | Build | House |
| 18:17 | Build | House |
| 18:19 | Build | House |
| 18:35 | Create | Skirmisher ×6 |
| 18:35 | Create | Skirmisher |
| 18:39 | Create | Archer ×3 |
| 18:39 | Create | Archer |
| 18:48 | Research | Stone Mining |
| 18:53 | Research | Gold Mining |
| 19:01 | Research | Fletching |
| 20:01 | Research | Wheelbarrow |
| 20:02 | Research | Loom |
| 20:14 | Research | Bow Saw |
| 20:19 | Build | Town Center |
| 20:45 | Research | Heavy Plow |
| 21:38 | Build | Town Center |
| 21:45 | Create | Villager (Male) ×11 |
| 21:45 | Create | Villager (Male) |
| 22:48 | Build | Mill |
| 22:57 | Research | Hand Cart |
| 23:02 | Create | Villager (Male) |
| 23:23 | Research | Stone Shaft Mining |
| 23:25 | Build | Farm |
| 23:29 | Build | Farm |
| 23:29 | Build | Farm |
| 23:30 | Build | Farm |
| 23:30 | Build | Farm |
| 23:30 | Build | Farm |
| 23:34 | Build | Farm |
| 23:34 | Build | Farm |
| 23:34 | Build | Farm |
| 23:34 | Build | Farm |
| 23:34 | Build | Farm |
| 23:34 | Build | Farm |
| 23:34 | Build | Farm |
| 23:34 | Build | Farm |
| 23:34 | Build | Farm |
| 23:34 | Build | Farm |
| 24:00 | Create | Villager (Male) ×6 |
| 24:00 | Create | Villager (Male) |
| 24:08 | Create | Archer ×2 |
| 24:08 | Create | Archer |
Build order — olaf.kreegs
First 150 of 238 actions detected
| 0:05 | Build | House |
| 0:12 | Build | House |
| 0:13 | Create | Villager (Male) |
| 0:14 | Create | Villager (Male) |
| 0:14 | Create | Villager (Male) |
| 0:14 | Create | Villager (Male) |
| 0:14 | Create | Villager (Male) |
| 1:35 | Build | Lumber Camp |
| 1:39 | Create | Villager (Male) |
| 2:19 | Create | Villager (Male) |
| 3:05 | Create | Villager (Male) |
| 3:07 | Create | Villager (Male) |
| 3:45 | Create | Villager (Male) |
| 3:54 | Build | House |
| 5:13 | Create | Villager (Male) |
| 5:14 | Create | Villager (Male) |
| 5:15 | Create | Villager (Male) |
| 5:47 | Create | Villager (Male) |
| 7:34 | Create | Villager (Male) |
| 7:34 | Create | Villager (Male) |
| 9:05 | Build | Mill |
| 9:16 | Build | Mill |
| 9:55 | Build | House |
| 10:14 | Research | Feudal Age |
| 10:15 | Create | Villager (Male) |
| 10:15 | Create | Villager (Male) |
| 10:16 | Create | Villager (Male) |
| 10:16 | Create | Villager (Male) |
| 10:16 | Create | Villager (Male) |
| 10:28 | Build | Barracks |
| 10:30 | Build | House |
| 10:33 | Build | House |
| 11:19 | Build | House |
| 11:34 | Create | Villager (Male) |
| 11:35 | Create | Villager (Male) |
| 11:35 | Create | Villager (Male) |
| 11:36 | Create | Villager (Male) |
| 11:36 | Create | Villager (Male) |
| 11:36 | Create | Villager (Male) |
| 11:36 | Create | Villager (Male) |
| 11:37 | Create | Villager (Male) |
| 12:22 | Build | Farm |
| 12:24 | Age | Feudal Age |
| 12:25 | Build | Farm |
| 12:41 | Build | Blacksmith |
| 13:04 | Build | Mining Camp |
| 13:10 | Create | Villager (Male) |
| 13:10 | Create | Villager (Male) |
| 13:44 | Build | Town Center |
| 14:05 | Build | Stable |
| 14:08 | Build | House |
| 14:09 | Build | House |
| 14:40 | Research | Scale Barding Armor |
| 14:41 | Research | Forging |
| 14:56 | Build | Farm |
| 15:08 | Create | Villager (Male) |
| 15:24 | Build | Farm |
| 15:44 | Create | Villager (Male) |
| 15:44 | Create | Villager (Male) |
| 16:20 | Build | Farm |
| 16:24 | Create | Villager (Male) |
| 16:25 | Create | Villager (Male) |
| 16:37 | Build | Farm |
| 16:59 | Research | Double-Bit Axe |
| 17:25 | Build | Farm |
| 17:29 | Build | Farm |
| 18:01 | Build | Farm |
| 18:03 | Build | Farm |
| 18:04 | Build | Farm |
| 18:16 | Research | Bloodlines |
| 18:28 | Build | Farm |
| 18:34 | Build | Farm |
| 18:58 | Create | Villager (Male) |
| 19:25 | Build | Farm |
| 19:44 | Build | Farm |
| 19:48 | Build | House |
| 19:56 | Build | House |
| 19:57 | Build | House |
| 20:11 | Create | Scout Cavalry ×5 |
| 20:44 | Build | Farm |
| 20:45 | Build | Farm |
| 20:46 | Build | Farm |
| 20:48 | Build | Farm |
| 20:52 | Research | Horse Collar |
| 20:58 | Research | Fletching |
| 20:59 | Research | Padded Archer Armor |
| 21:14 | Build | House |
| 21:15 | Build | House |
| 21:16 | Build | House |
| 21:26 | Build | Farm |
| 21:50 | Build | Archery Range |
| 22:47 | Research | Wheelbarrow |
| 22:54 | Create | Villager (Male) |
| 22:54 | Create | Villager (Male) |
| 22:56 | Build | Farm |
| 22:58 | Build | House |
| 23:59 | Build | Farm |
| 24:02 | Research | Castle Age |
| 24:48 | Create | Skirmisher ×5 |
| 24:55 | Research | Scale Mail Armor |
| 25:01 | Create | Spearman ×5 |
| 25:11 | Build | Farm |
| 25:15 | Create | Villager (Male) |
| 25:15 | Create | Villager (Male) |
| 25:54 | Create | Skirmisher ×5 |
| 26:42 | Age | Castle Age |
| 27:43 | Build | Castle |
| 27:57 | Create | Villager (Male) ×5 |
| 27:58 | Create | Villager (Male) ×5 |
| 28:02 | Create | Villager (Male) ×5 |
| 28:02 | Create | Villager (Male) ×5 |
| 28:17 | Research | Thumb Ring |
| 28:44 | Research | Bodkin Arrow |
| 29:25 | Build | Farm |
| 29:32 | Create | Kipchak |
| 30:01 | Research | Pikeman (upgrade) |
| 30:04 | Research | Squires |
| 30:53 | Create | Kipchak ×4 |
| 31:23 | Build | University |
| 31:34 | Build | Farm |
| 31:44 | Build | Farm |
| 31:47 | Create | Villager (Male) |
| 31:47 | Create | Villager (Male) |
| 31:49 | Create | Villager (Male) |
| 31:49 | Create | Villager (Male) |
| 31:55 | Research | Imperial Age |
| 32:17 | Create | Kipchak ×2 |
| 32:25 | Build | Farm |
| 33:13 | Create | Knight ×2 |
| 33:32 | Build | House |
| 33:34 | Build | House |
| 33:35 | Build | House |
| 33:37 | Build | House |
| 33:43 | Research | Hand Cart |
| 33:45 | Research | Town Watch |
| 33:46 | Research | Loom |
| 33:48 | Research | Heavy Plow |
| 33:52 | Research | Bow Saw |
| 34:24 | Create | Villager (Male) ×5 |
| 35:13 | Build | Mining Camp |
| 35:17 | Build | Stable |
| 35:20 | Build | Stable |
| 35:22 | Build | Stable |
| 35:31 | Research | Chain Barding Armor |
| 35:48 | Build | Lumber Camp |
| 36:12 | Age | Imperial Age |
| 36:14 | Build | Farm |
| 36:27 | Create | Knight ×2 |
| 36:44 | Create | Villager (Male) ×5 |
| 36:54 | Create | Villager (Male) ×5 |
Build order — TGX Haydz
First 150 of 463 actions detected
| 0:02 | Create | Villager (Male) |
| 0:02 | Create | Villager (Male) |
| 0:04 | Build | House |
| 0:05 | Build | House |
| 0:23 | Create | Villager (Male) |
| 0:44 | Create | Villager (Male) |
| 0:52 | Create | Villager (Male) |
| 1:43 | Create | Villager (Male) |
| 2:09 | Research | Loom |
| 2:20 | Create | Villager (Male) |
| 2:20 | Create | Villager (Male) |
| 2:52 | Create | Villager (Male) |
| 3:33 | Create | Villager (Male) |
| 3:34 | Create | Villager (Male) |
| 3:34 | Create | Villager (Male) |
| 3:43 | Create | Villager (Male) |
| 4:26 | Build | Lumber Camp |
| 4:30 | Create | Villager (Male) |
| 4:52 | Build | House |
| 5:09 | Research | Loom |
| 5:15 | Create | Villager (Male) |
| 5:16 | Create | Villager (Male) |
| 5:36 | Create | Villager (Male) |
| 5:52 | Build | Mill |
| 6:10 | Create | Villager (Male) |
| 6:25 | Create | Villager (Male) |
| 6:41 | Create | Villager (Male) |
| 7:23 | Create | Villager (Male) |
| 7:23 | Create | Villager (Male) |
| 7:29 | Build | House |
| 7:42 | Build | Farm |
| 7:46 | Build | Farm |
| 8:09 | Build | House |
| 8:17 | Build | Palisade Gate |
| 8:22 | Create | Villager (Male) |
| 8:42 | Create | Villager (Male) |
| 9:25 | Build | Mining Camp |
| 9:45 | Create | Villager (Male) |
| 9:51 | Research | Feudal Age |
| 10:02 | Build | Farm |
| 10:07 | Build | Farm |
| 10:37 | Create | Villager (Male) |
| 10:38 | Create | Villager (Male) |
| 11:04 | Build | Barracks |
| 12:17 | Build | House |
| 12:20 | Build | House |
| 12:22 | Build | House |
| 12:24 | Age | Feudal Age |
| 12:30 | Build | House |
| 12:35 | Research | Wheelbarrow |
| 12:38 | Research | Double-Bit Axe |
| 12:41 | Research | Horse Collar |
| 12:47 | Build | Farm |
| 12:52 | Build | Farm |
| 12:58 | Build | Farm |
| 13:04 | Build | Farm |
| 13:22 | Build | Stable |
| 13:52 | Build | Palisade Gate |
| 14:01 | Create | Villager (Male) |
| 14:01 | Create | Villager (Male) |
| 14:24 | Create | Villager (Male) |
| 14:37 | Build | Market |
| 14:47 | Build | Blacksmith |
| 15:02 | Build | Market |
| 15:06 | Create | Villager (Male) |
| 15:27 | Create | Villager (Male) |
| 15:35 | Build | Farm |
| 15:37 | Build | Farm |
| 15:38 | Build | Farm |
| 16:07 | Create | Villager (Male) |
| 16:08 | Create | Villager (Male) |
| 16:21 | Build | Farm |
| 16:24 | Build | Farm |
| 16:29 | Build | Farm |
| 16:36 | Build | Farm |
| 16:47 | Create | Villager (Male) |
| 17:15 | Build | Mining Camp |
| 17:20 | Create | Villager (Male) |
| 17:20 | Create | Villager (Male) |
| 17:36 | Build | Farm |
| 17:42 | Build | Farm |
| 18:04 | Create | Trade Cart |
| 18:08 | Create | Villager (Male) |
| 18:08 | Create | Villager (Male) |
| 18:35 | Create | Villager (Male) |
| 18:44 | Research | Castle Age |
| 19:04 | Research | Gold Mining |
| 19:08 | Research | Stone Mining |
| 19:38 | Build | Farm |
| 19:41 | Build | Farm |
| 19:42 | Build | Farm |
| 19:51 | Create | Villager (Male) |
| 19:51 | Create | Villager (Male) |
| 20:12 | Create | Villager (Male) |
| 20:21 | Research | Forging |
| 20:57 | Build | House |
| 20:58 | Build | House |
| 20:59 | Build | House |
| 21:00 | Build | House |
| 21:02 | Build | House |
| 21:04 | Build | House |
| 21:05 | Build | House |
| 21:08 | Build | House |
| 21:09 | Build | House |
| 21:10 | Build | House |
| 21:11 | Build | House |
| 21:13 | Build | House |
| 21:18 | Age | Castle Age |
| 21:20 | Build | Mining Camp |
| 21:22 | Create | Villager (Male) |
| 21:22 | Create | Villager (Male) |
| 21:24 | Research | Hand Cart |
| 21:27 | Create | Villager (Male) |
| 21:28 | Create | Villager (Male) |
| 21:40 | Research | Stone Shaft Mining |
| 21:42 | Research | Bow Saw |
| 21:45 | Research | Gold Shaft Mining |
| 21:55 | Build | Farm |
| 22:29 | Build | Town Center |
| 22:35 | Create | Villager (Male) |
| 23:17 | Build | Town Center |
| 23:22 | Create | Villager (Male) |
| 23:23 | Create | Villager (Male) |
| 23:52 | Create | Villager (Male) |
| 23:53 | Create | Villager (Male) |
| 23:57 | Create | Villager (Male) |
| 24:28 | Build | Farm |
| 24:31 | Build | Farm |
| 24:32 | Build | Farm |
| 24:39 | Create | Villager (Male) |
| 24:40 | Create | Villager (Male) |
| 24:42 | Create | Villager (Male) |
| 24:42 | Create | Villager (Male) |
| 25:07 | Build | Castle |
| 25:13 | Create | Villager (Male) |
| 25:14 | Create | Villager (Male) |
| 25:15 | Create | Villager (Male) |
| 25:16 | Create | Villager (Male) |
| 25:16 | Create | Villager (Male) |
| 25:30 | Build | Lumber Camp |
| 25:35 | Create | Villager (Male) |
| 25:35 | Create | Villager (Male) |
| 25:36 | Create | Villager (Male) |
| 25:36 | Create | Villager (Male) |
| 25:37 | Create | Villager (Male) |
| 25:38 | Create | Villager (Male) |
| 25:51 | Build | University |
| 26:03 | Build | Monastery |
| 26:06 | Create | Villager (Male) |
| 26:06 | Create | Villager (Male) |
Match timeline
| 10:28 | olaf.kreegs · first_building Barracks |
| 10:55 | 你是哪个小饼干~ · age_up feudal |
| 11:04 | TGX Haydz · first_building Barracks |
| 12:24 | TGX Haydz · age_up feudal |
| 12:24 | olaf.kreegs · age_up feudal |
| 12:48 | Twixxo · age_up feudal |
| 13:00 | tjwe99 · age_up feudal |
| 13:22 | TGX Haydz · first_building Stable |
| 14:05 | olaf.kreegs · first_building Stable |
| 14:25 | IKELONGJR10 · first_building Barracks |
| 15:23 | tjwe99 · first_market_buy 100 food |
| 15:33 | IKELONGJR10 · first_building Archery Range |
| 16:52 | tjwe99 · first_building Barracks |
| 17:52 | tjwe99 · first_building Archery Range |
| 18:07 | tjwe99 · age_up castle |
| 18:42 | TGX Haydz · first_market_sell 100 wood |
| 19:13 | Twixxo · first_building Barracks |
| 19:54 | 你是哪个小饼干~ · age_up castle |
| 19:56 | Twixxo · first_building Stable |
| 20:31 | IKELONGJR10 · first_market_buy 100 wood |
| 21:18 | TGX Haydz · age_up castle |
| 21:50 | olaf.kreegs · first_building Archery Range |
| 22:07 | TGX Haydz · first_market_buy 100 wood |
| 22:09 | Twixxo · wall_segment Palisade Wall x6 |
| 22:42 | 你是哪个小饼干~ · first_building Castle |
| 22:48 | 你是哪个小饼干~ · first_building Barracks |
| 23:43 | Twixxo · age_up castle |
| 24:00 | Twixxo · first_building Castle |
| 24:47 | tjwe99 · first_building Castle |
| 25:07 | TGX Haydz · first_building Castle |
| 25:13 | 你是哪个小饼干~ · first_building Monastery |
| 25:19 | IKELONGJR10 · first_building Castle |
| 26:03 | TGX Haydz · first_building Monastery |
| 26:42 | olaf.kreegs · age_up castle |
| 26:59 | 你是哪个小饼干~ · first_building Stable |
| 27:43 | olaf.kreegs · first_building Castle |
| 27:59 | Twixxo · first_market_sell 100 wood |
| 28:00 | Twixxo · first_market_buy 100 stone |
| 29:05 | Twixxo · first_building Siege Workshop |
| 30:04 | IKELONGJR10 · first_building Stable |
| 30:34 | IKELONGJR10 · first_building Siege Workshop |
| 31:57 | 你是哪个小饼干~ · first_building Siege Workshop |
| 31:57 | tjwe99 · tribute_sent a jugador 1 |
| 31:57 | tjwe99 · tribute_sent a jugador 3 |
| 31:57 | tjwe99 · tribute_sent a jugador 4 |
| 31:57 | tjwe99 · tribute_sent a jugador 5 |
| 31:57 | tjwe99 · tribute_sent a jugador 6 |
| 34:45 | 你是哪个小饼干~ · age_up imperial |
| 36:12 | olaf.kreegs · age_up imperial |
| 37:36 | TGX Haydz · age_up imperial |
| 38:01 | TGX Haydz · wall_segment Stone Wall x40 |
| 38:42 | Twixxo · age_up imperial |
| 41:22 | Twixxo · first_building Monastery |
| 42:22 | tjwe99 · age_up imperial |
| 46:56 | tjwe99 · first_building Siege Workshop |
| 47:22 | Twixxo · wall_segment Stone Wall x6 |
| 48:08 | tjwe99 · first_market_sell 100 wood |
| 53:21 | TGX Haydz · resign |
[ AI ANALYSIS · 1 CREDIT ]
What really happened in this match?
Wolo.gg analyzes every decision: build order, eco, micro, common mistakes by bracket. Personalized analysis on WhatsApp or Discord in 30 seconds.
Civ guide
Bohemians
Perfil
Jugador #22839997